Map: Abyssal Reef LE

Players

SamuraiFunn

  • Race: Protoss Protoss
  • Spawn Location: 11:00

A.I. 1 (Elite) - Winner!

  • Race: Terran Terran
  • Spawn Location: 5:00

VOD

Have the link to the VOD?

Description

Time

  • Played on: Nov. 23, 2017, 4:20 p.m.
  • Length: 4:18
Show
View Real Time Build Order
Export as new Build Order

SamuraiFunn Protoss 

Build Orders: Dark Templar Rush 

Get SALT Encoding   

  12  0:01  Probe  
  13  0:13  Probe  
  14  0:21  Pylon  
  14  0:25  Probe  
  15  0:34  Assimilator  
  15  0:39  Probe  
  16  0:49  Gateway  
  16  0:52  Probe  
  18  1:04  Probe  
  18  1:19  Probe  
  19  1:27  Pylon  
  19  1:31  Probe  
  20  1:38  Cybernetics Core  
  20  1:41  Zealot  
  23  1:54  Probe  
  23  2:01  Assimilator  
  23  2:06  Probe  
  24  2:12  Nexus  
  24  2:18  Probe  
  25  2:23  Twilight Council  
  25  2:29  Assimilator  
  25  2:31  Probe  
  26  2:44  Probe  
  26  2:51  Pylon  
  27  2:56  Assimilator  
  27  3:07  Dark Shrine  
  27  3:11  Gateway  
  27  3:17  Gateway  
  27  3:23  Probe  
  27  3:25  Probe  
  30  3:34  Zealot  
  30  3:42  Probe  
  30  3:43  Probe  
  32  3:54  Gateway  
  32  3:55  Probe  
  35  4:05  Pylon  
Show
View Real Time Build Order
Export as new Build Order

A.I. 1 (Elite) Terran - Winner!

Build Orders:  

Get SALT Encoding   

  12  0:00  SCV  
  13  0:13  SCV  
  14  0:18  Supply Depot  
  14  0:25  SCV  
  15  0:40  SCV  
  15  0:42  Barracks  
  16  0:47  Refinery  
  16  0:52  SCV  
  17  1:04  SCV, Barracks  
  18  1:16  SCV  
  19  1:30  Orbital Command  
  19  1:32  Marine  
  20  1:44  Barracks  
  20  1:50  Marine x2  
  22  1:59  Supply Depot  
  22  2:01  SCV  
  23  2:08  Barracks Tech Lab x2  
  23  2:21  SCV  
  24  2:26  Marine x2  
  24  2:29  Concussive Shells  
  26  2:30  Marine  
  27  2:37  Supply Depot  
  27  2:44  Marine x2  
  27  2:47  SCV  
  27  2:48  Marine  
  31  3:02  Marauder x2  
  35  3:06  Marine  
  35  3:07  Supply Depot  
  36  3:22  SCV  
  36  3:23  Marine x2  
  39  3:29  Marine  
  39  3:30  Supply Depot  
  40  3:41  Marine, Marauder  
  40  3:47  Refinery  
  43  3:57  SCV  
  45  4:10  Factory  
Tags
 
Add a new tag
Caveats
  • Supply blocks, unpowered buildings, or Contaminate may cause inaccurate times.
  • Supply counts are checked every 10 seconds.